 Dungeon Crawl Stone Soup version 0.27-a0-978-g2aa4ecdaef (webtiles) character file.

Game seed: 12988024088675844967

563 tardwrangler69 the Chiller (level 7, -4/50 HPs)
             Began as a Red Draconian Ice Elementalist on Apr 14, 2021.
             Was a Believer of Dithmenos.
             Slain by an orc
             ... wielding a +0 morningstar
              (5 damage)
             ... on level 6 of the Dungeon.
             The game lasted 00:04:31 (5396 turns).

tardwrangler69 the Chiller (DrIE)                   Turns: 5396, Time: 00:04:32

Health: -4/50      AC:  8    Str: 10    XL:     7   Next: 10%
Magic:  13/13      EV: 12    Int: 17    God:    Dithmenos [**....]
Gold:   176        SH:  0    Dex: 12    Spells: 7/14 levels left

rFire    + . .     SeeInvis .   f - +0 spear
rCold    . . .     Faith    .   (no shield)
rNeg     . . .     Spirit   .   (armour unavailable)
rPois    .         Reflect  .   (helmet restricted)
rElec    .         Harm     .   k - +0 cloak
rCorr    .         Rampage  .   c - +0 pair of gloves
Will     .....                  (no boots)
Stlth    ++........             (no amulet)
HPRegen  0.16/turn              (no ring)
MPRegen  0.13/turn              (no ring)

@: wreathed by umbra
A: breathe fire, AC +6, unfitting armour, fire resistance 1, cold-blooded
a: Breathe Fire, Renounce Religion, Shadow Step


You were on level 6 of the Dungeon.
You worshipped Dithmenos.
Dithmenos was pleased with you.
You visited 1 branch of the dungeon, and saw 5 of its levels.

You collected 176 gold pieces.

Inventory:

Hand Weapons
 f - a +0 spear (weapon)
Missiles
 b - 134 stones
Armour
 c - a +0 pair of gloves (worn)
 k - a +0 cloak (worn)
Scrolls
 g - a scroll of identify
 i - a scroll of teleportation
 j - 2 scrolls of enchant weapon {unknown}
 l - a scroll of brand weapon {unknown}
 o - a scroll of enchant armour {unknown}
Potions
 a - 2 potions of heal wounds {unknown}
 d - 2 potions of mutation {unknown}
 h - 2 potions of berserk rage {unknown}
 m - a potion of curing {unknown}
 n - 2 potions of flight {unknown}


   Skills:
 - Level 1.7 Dodging
 - Level 1.7 Stealth
 + Level 4.4 Spellcasting
 * Level 6.1 Ice Magic


You had 7 spell levels left.
You knew the following spells:

 Your Spells              Type           Power      Damage    Failure   Level
a - Freeze                Ice            96%        1d11      1%          1
b - Frozen Ramparts       Ice            48%        1d6       3%          3
c - Ozocubu's Armour      Ice            24%        N/A       3%          3

Your spell library contained the following spells:

 Spells                   Type           Power      Damage    Failure   Level
 Animate Skeleton         Necr           6%         N/A       16%         1
 Apportation              Tloc           6%         N/A       16%         1
 Corona                   Hex            3%         N/A       16%         1
 Foxfire                  Conj/Fire      12%        2x1d4     16%         1
 Summon Small Mammal      Summ           12%        N/A       16%         1
 Hailstorm                Conj/Ice       14%        3d5       38%         4
 Confusing Touch          Hex            3%         N/A       41%         3
 Gell's Gravitas          Tloc           1%         N/A       41%         3
 Ignite Poison            Fire/Tmut/Pois 3%         N/A       41%         3
 Metabolic Englaciation   Hex/Ice        7%         N/A       75%         5
 Petrify                  Tmut/Erth      3%         N/A       83%         4
 Sticky Flame             Conj/Fire      3%         2d3       83%         4
 Summon Lightning Spire   Summ/Air       3%         N/A       83%         4
 Yara's Violent Unravell  Hex/Tmut       1%         3d3       99%         5
 Ignition                 Fire           1%         3d3       100%        8


Dungeon Overview and Level Annotations

Branches:
Dungeon (6/15)
 Temple: D:4-7

Altars:
Dithmenos

Shops:
D:2 ([[?!


Innate Abilities, Weirdness & Mutations

You can breathe blasts of fire.
Your fiery red scales are hard. (AC +6)
You cannot fit into any form of body armour.
Your flesh is heat resistant. (rF+)
You are cold-blooded and may be slowed by cold attacks.


Message History

You are too injured to fight recklessly!
You are too injured to fight recklessly!
You are too injured to fight recklessly!
You are too injured to fight recklessly!
You are too injured to fight recklessly!
You are too injured to fight recklessly!
You are too injured to fight recklessly!
You are too injured to fight recklessly!
You are too injured to fight recklessly!
You are too injured to fight recklessly!
You are too injured to fight recklessly!
You are too injured to fight recklessly!
You are too injured to fight recklessly!
You are too injured to fight recklessly!
You are too injured to fight recklessly!
The orc misses you. The orc hits you with a +0 dagger.
* * * LOW HITPOINT WARNING * * *
The orc hits you but does no damage. The orc barely misses you.
The orc barely misses you. x2
The orc closely misses you. The orc hits you with a +0 dagger.
* * * LOW HITPOINT WARNING * * *
The orc hits you with a +0 morningstar!
* * * LOW HITPOINT WARNING * * *
The orc misses you. The orc barely misses you.
The orc hits you but does no damage. The orc barely misses you. x2
The orc closely misses you. The orc hits you with a +0 dagger.
* * * LOW HITPOINT WARNING * * *
The orc closely misses you. The orc hits you with a +0 dagger.
* * * LOW HITPOINT WARNING * * *
The orc hits you but does no damage. x2
The orc misses you. The orc barely misses you.
The orc hits you but does no damage. The orc barely misses you.
The orc closely misses you. The orc hits you but does no damage.
The orc barely misses you. x2
The orc closely misses you. The orc hits you but does no damage.
The orc misses you. The orc hits you with a +0 dagger.
* * * LOW HITPOINT WARNING * * *
The orc hits you with a +0 morningstar.
You die...

#.............#.
#.##..........#.
#######.###...........
......................
######.###.#.........
#.....#.#.........
############.###.#.#..######.
.................#.#..######.
############@###.#.#.........
......oo# #.#.#.########
######### #.#.#.........
#.#.########## #.#.# #...#
###.# ###


You could see 2 orcs.

Vanquished Creatures
  A sky beast (D:6)
  A black bear (D:4)
  2 scorpions (D:4)
  A hound (D:4)
  Crazy Yiuf (D:3)
  An iguana (D:4)
  6 adders
  5 gnolls
  A shadow imp (D:6)
  2 adder skeletons (D:4)
  2 dart slugs
  6 orcs
  4 ball pythons
  5 bats
  4 endoplasms
  3 giant cockroaches
  3 goblins
  5 hobgoblins
  4 jackals (D:2)
  3 kobolds (D:1)
  3 quokkas
  2 frilled lizards
  4 rats
69 creatures vanquished.

Notes
Turn   | Place    | Note
-------+----------+-------------------------------------------
     0 | D:1      | tardwrangler69 the Draconian Ice Elementalist began the
                  | quest for the Orb.
     0 | D:1      | Reached XP level 1. HP: 14/14 MP: 3/3
   456 | D:1      | Reached XP level 2. HP: 18/20 MP: 5/5
   525 | D:1      | Found a faded altar of an unknown god.
   604 | D:1      | Became a worshipper of Dithmenos the Shadowed
   604 | D:1      | Reached * piety under Dithmenos
   758 | D:1      | Reached XP level 3. HP: 12/26 MP: 4/6
   997 | D:1      | Identified the Almanac of Torrid Creation
  1119 | D:2      | Found Sititedi's Distillery.
  1180 | D:2      | Found Saig's Magic Scroll Boutique.
  1254 | D:2      | Reached skill level 5 in Ice Magic
  1423 | D:2      | Found Ikeick's Armour Emporium.
  1451 | D:2      | Found Ysoum's Antique Weapon Shoppe.
  1466 | D:2      | Reached XP level 4. HP: 21/33 MP: 8/8
  1748 | D:2      | Found Essucerph's Armour Emporium.
  2064 | D:3      | Learned a level 3 spell: Frozen Ramparts
  2068 | D:3      | Learned a level 3 spell: Ozocubu's Armour
  2470 | D:3      | Found a runed translucent door.
  2471 | D:3      | Noticed Crazy Yiuf
  3389 | D:3      | Reached XP level 5. HP: 25/38 MP: 3/9
  3796 | D:3      | Killed Crazy Yiuf
  3942 | D:4      | Reached skill level 6 in Ice Magic
  4214 | D:4      | Reached XP level 6. HP: 45/45 MP: 4/11
  4456 | D:4      | Reached ** piety under Dithmenos
  4722 | D:4      | Reached skill level 7 in Ice Magic
  4874 | D:4      | You fall into a shaft and drop 2 floors!
  4917 | D:6      | Noticed a sky beast
  5218 | D:6      | Noticed a sky beast
  5227 | D:6      | Killed a sky beast
  5228 | D:6      | Your scales start taking on a fiery red colour.
  5228 | D:6      | Reduced skill Ice Magic to level 6
  5228 | D:6      | Reached XP level 7. HP: 40/50 MP: 7/13
  5228 | D:6      | Gained mutation: Your flesh is heat resistant. (rF+) [Red
                  | Draconian growth]
  5395 | D:6      | HP: 1/50 [orc/+0 dagger (3)]
  5396 | D:6      | Slain by an orc

Illustrated notes

Levels and vault maps discovered:
D:1:      amcnicky_arrival_gap_in_the_tavern_cellar, layout_rooms,
          hellmonk_ecumenical_altar_pennies_from_heaven
D:2:      layout_basic, serial_shops, nicolae_shop_statue_plus, shop, shop,
          shop, shop
D:3:      layout_basic, uniq_crazy_yiuf_cottage
D:4:      layout_gridville, serial_shops, shop
D:6:      layout_basic, chequers_jeans, uniq_edmund

Skill      XL: |  1  2  3  4  5  6 |
---------------+-------------------+-----
Ice Magic      | 5 6 6 |  6.1
Spellcasting   | 3 4 |  4.4
Dodging        | |  1.7
Stealth        | |  1.7

Action                   |  1- 3 |  4- 6 |  7- 9 || total
-------------------------+-------+-------+-------++-------
Melee: Unarmed           |    39 |       |       ||    39
       Tailslap          |    13 |    15 |     6 ||    34
       Short sword       |    28 |       |       ||    28
       Spear             |    39 |   161 |    27 ||   227
 Cast: Freeze            |    14 |     6 |       ||    20
       Ozocubu's Armour  |       |     9 |       ||     9
       Frozen Ramparts   |       |     9 |       ||     9
  Use: Scroll            |       |     3 |       ||     3
 Stab: Sleeping          |     4 |     4 |       ||     8
Armor: Skin              |    42 |    48 |    17 ||   107
Dodge: Dodged            |    71 |   119 |    52 ||   242

Table legend: (Time is in decaauts)
 A = Elapsed time spent in this place.
 B = Non-inter-level travel time spent in this place.
 C = Inter-level travel time spent in this place.
 D = Time resting spent in this place.
 E = Time spent auto-exploring this place.
 F = Levels seen in this place.
 G = Mean time per level.
                   A        B        C        D        E       F      G
               +--------+--------+--------+--------+--------+-----+--------+
         Total |   5425 |   5317 |    108 |      0 |   4682 |   5 | 1085.0 |
       Dungeon |   5425 |   5317 |    108 |      0 |   4682 |   5 | 1085.0 |
               +--------+--------+--------+--------+--------+-----+--------+

Top non-repeatable levels by time:
     D:3: 1886 daAuts
     D:1: 1123 daAuts
     D:4: 946 daAuts
     D:2: 943 daAuts
     D:6: 525 daAuts
